 Dungeon Crawl Stone Soup version 0.23.2-1-ga50397a6bc (webtiles) character file.

Game seed: 18005025051094201605

331 Jaijje the Ruffian (level 6, -4/61 HPs)
             Began as a Naga Monk on May 17, 2019.
             Killed from afar by an orc wizard (8 damage)
             ... with a magic dart
             ... on level 3 of the Dungeon.
             The game lasted 00:12:38 (4057 turns).

Jaijje the Ruffian (Naga Monk)                      Turns: 4057, Time: 00:12:39

Health: -4/61      AC:  4    Str: 15    XL:     6   Next: 51%
Magic:  6/6        EV: 10    Int: 10    God:
Gold:   229        SH:  0    Dex: 14    Spells: 5/5 levels left

rFire    . . .     SeeInvis +   d - potion of haste
rCold    + . .     Gourm    .   (no shield)
rNeg     . . .     Faith    .   a - +1 robe
rPois    +         Spirit   .   (no helmet)
rElec    .         Reflect  .   (no cloak)
rCorr    .         Harm     .   (no gloves)
MR       .....                  (no barding)
Stlth    ++........             (no amulet)
HPRegen  0.20/turn              e - ring of protection from cold
MPRegen  0.10/turn              (no ring)

@: very slow
A: large, see invisible, deformed body, poison resistance, slowness 2, slow
metabolism 1, spit poison 1, AC +2
a: Spit Poison


You were on level 3 of the Dungeon.
You were hungry.

You visited 1 branch of the dungeon, and saw 3 of its levels.

You collected 229 gold pieces.

Inventory:

Missiles
 n - 2 javelins (quivered)
Armour
 a - a +1 robe (worn)
 b - a +0 scale mail
 k - a +0 ring mail
Jewellery
 e - a ring of protection from cold (left hand)
Scrolls
 c - 4 scrolls of identify
 j - 2 scrolls of amnesia
 m - a scroll of enchant weapon
Potions
 d - a potion of haste (in hand)
 h - a potion of lignification
 l - a potion of mutation


   Skills:
 * Level 5.0 Fighting
 * Level 1.5 Armour
 - Level 2.4 Dodging
 - Level 3.0 Stealth
 + Level 5.3 Unarmed Combat


You had 5 spell levels left.
You didn't know any spells.
Your spell library was empty.

Dungeon Overview and Level Annotations

Branches:
Dungeon (3/15)

Altars:
Cheibriados
Gozag
Trog
Vehumet


Innate Abilities, Weirdness & Mutations

You cannot wear boots.
Your serpentine skin is tough. (AC +2)
You have supernaturally acute eyesight. (SInv)
Armour fits poorly on your strangely shaped body.
Your system is resistant to poisons. (rPois)
You cover ground very slowly.
You have a slow metabolism.
You can spit poison.


Message History

The orc wizard is severely wounded.
The orc wizard hits you with a +0 dagger.
* * * LOW HITPOINT WARNING * * *
The orc hits you with a +0 hand axe.
* * * LOW HITPOINT WARNING * * *
Okay, then.
As you read the scroll labeled XUEBOD FIJELLA, it crumbles to dust.
You feel blessed for a moment.
It was a scroll of remove curse.
The orc wizard hits you but does no damage.
The orc misses you.
As you read the scroll labeled NEODYSK NELYSA, it crumbles to dust.
It is a scroll of enchant armour.
Your +0 robe glows green for a moment.
The orc wizard closely misses you. x2
Wield which item (- for none, * to show all)? (? for menu, Esc to quit)
d - a potion of haste (in hand)
The orc barely misses you.
The orc wizard hits you but does no damage.
The orc wizard gestures at you while chanting.
The magic dart hits you!
You die...

..........#.................
..##......#...#..###########
..# ..............# ..#
...........#### ..#
....>...#..# ..#
...........# ...
.....#.############ ..#
.....#.##_#o....... ...
.........≈@†o$...... ...
..##..#.≈≈≈≈[....... .g.
#..#.≈≈.≈≈....... ... #.
##≈≈≈≈≈####### ... ..
#.≈≈≈.# ... ## ##...## ...
##.## ..# #.. #.#


You could see an orc wizard and an orc.

Vanquished Creatures
  Sigmund (D:2)
  An orc priest (D:3)
  6 adders
  2 worms (D:2)
  2 dart slugs
  4 leopard geckos
  2 orcs (D:3)
  8 bats
  A giant cockroach (D:1)
  5 goblins
  8 hobgoblins
  9 jackals
  9 kobolds
  A quokka (D:2)
  2 ball pythons
  5 frilled lizards
  10 rats
76 creatures vanquished.

Vanquished Creatures (others)
  2 goblins (D:2)
  A kobold (D:2)
3 creatures vanquished.

Grand Total: 79 creatures vanquished

Notes
Turn   | Place    | Note
-------+----------+-------------------------------------------
     0 | D:1      | Jaijje the Naga Monk began the quest for the Orb.
     0 | D:1      | Reached XP level 1. HP: 21/21 MP: 1/1
   127 | D:1      | Reached XP level 2. HP: 27/28 MP: 2/2
  1077 | D:1      | Reached XP level 3. HP: 36/36 MP: 3/3
  1782 | D:2      | Noticed Sigmund
  2143 | D:2      | Found an opulent altar of Gozag.
  2401 | D:2      | Reached XP level 4. HP: 22/44 MP: 4/4
  2883 | D:2      | Found a radiant altar of Vehumet.
  3175 | D:2      | Killed Sigmund
  3175 | D:2      | Reached skill level 1 in Armour
  3175 | D:2      | Reached skill level 5 in Unarmed Combat
  3175 | D:2      | Reached XP level 5. HP: 26/51 MP: 5/5
  3175 | D:2      | Reached XP level 6. HP: 29/58 MP: 6/6
  3764 | D:3      | Noticed a moth of wrath
  3767 | D:3      | Found a bloodstained altar of Trog.
  4019 | D:3      | Found a snail-covered altar of Cheibriados.
  4050 | D:3      | Reached skill level 5 in Fighting
  4053 | D:3      | HP: 3/61 [orc/+0 hand axe (5)]
  4057 | D:3      | Killed from afar by an orc wizard

Skill      XL: |  1  2  3  4  5  6 |
---------------+-------------------+-----
Fighting       | 4 5 |  5.0
Unarmed Combat | 5 |  5.3
Armour         | 1 |  1.5
Dodging        | |  2.4
Stealth        | |  3.0

Action                   |  1- 3 |  4- 6 || total
-------------------------+-------+-------++-------
Melee: Unarmed           |   159 |   134 ||   293
       Punch             |     1 |     3 ||     4
 Abil: Spit Poison       |     4 |     6 ||    10
  Use: Scroll            |     5 |     2 ||     7
       Potion            |     3 |     1 ||     4
 Stab: Sleeping          |     4 |     6 ||    10
       Invisible         |     2 |       ||     2
  Eat: Ration            |     1 |       ||     1
       Chunk             |       |     4 ||     4
Armor: Robe              |    29 |    45 ||    74
       Skin              |     9 |       ||     9
Dodge: Dodged            |   114 |    84 ||   198
